Map: 16-Bit LE

Players

mesh - Winner!

  • Race: Protoss Protoss
  • League: Diamond
  • Spawn Location: 1:00

Must

  • Race: Zerg Zerg
  • League: Platinum
  • Spawn Location: 7:00

VOD

Have the link to the VOD?

Description

Time

  • Played on: July 27, 2018, 8:16 a.m.
  • Length: 12:44
Show
View Real Time Build Order
Export as new Build Order

mesh Protoss - Winner!

Build Orders: Cannon Rush 

Get SALT Encoding   

  1  0:00  Probe  
  12  0:06  Probe  
  14  0:21  Pylon  
  14  0:23  Probe  
  15  0:40  Forge  
  15  0:43  Probe  
  16  0:55  Probe  
  17  1:01  Pylon  
  17  1:04  Probe  
  18  1:12  Probe  
  18  1:17  Pylon  
  19  1:21  Probe  
  20  1:29  Photon Cannon  
  20  1:33  Probe  
  21  1:46  Photon Cannon  
  21  1:48  Photon Cannon  
  21  1:58  Photon Cannon  
  20  2:16  Photon Cannon  
  20  2:27  Nexus, Assimilator  
  20  2:38  Pylon  
  20  2:40  Probe  
  21  2:50  Gateway  
  21  2:52  Probe  
  21  2:55  Assimilator  
  23  3:05  Photon Cannon  
  23  3:12  Photon Cannon  
  21  3:40  Photon Cannon  
  21  3:46  Probe  
  22  3:54  Cybernetics Core  
  22  3:56  Probe  
  22  3:58  Probe  
  24  4:08  Probe  
  25  4:10  Probe  
  25  4:14  Protoss Ground Weapons Level 1  
  26  4:20  Probe  
  26  4:22  Probe  
  28  4:25  Gateway  
  28  4:38  Probe, Pylon  
  29  4:44  Probe  
  30  4:50  Robotics Facility  
  30  4:55  Pylon, Warp Gate  
  30  4:56  Probe x2  
  32  5:05  Sentry  
  32  5:07  Shield Battery  
  32  5:08  Probe  
  32  5:09  Probe  
  32  5:10  Photon Cannon  
  36  5:17  Sentry  
  38  5:22  Probe  
  38  5:23  Probe  
  40  5:28  Immortal  
  40  5:34  Probe  
  40  5:35  Probe  
  45  5:46  Twilight Council, Probe  
  45  5:47  Probe  
  47  5:53  Assimilator  
  47  5:58  Probe  
  47  5:59  Probe  
  49  6:08  Sentry, Immortal  
  49  6:09  Sentry  
  49  6:10  Probe  
  54  6:17  Assimilator  
  54  6:22  Probe  
  59  6:26  Probe  
  60  6:39  Immortal  
  60  6:40  Protoss Ground Weapons Level 2  
  60  6:50  Probe  
  65  6:56  Pylon  
  65  7:00  Pylon  
  65  7:16  Gateway  
  65  7:17  Gateway  
  65  7:18  Immortal  
  65  7:20  Gateway  
  65  7:21  Gateway  
  69  7:26  Blink  
  69  7:28  Gateway x2  
  69  7:29  Gateway  
  69  7:30  Sentry x2  
  69  7:31  Gateway  
  73  7:52  Pylon  
  73  7:53  Pylon  
  73  7:56  Stalker  
  73  7:57  Warp Prism, Stalker  
  79  8:20  Pylon  
  79  8:21  Stalker x3  
  79  8:25  Stalker x2  
  89  8:45  Pylon  
  89  8:51  Observer, Protoss Ground Weapons Level 3  
  90  9:09  Observer  
  90  9:12  Stalker x2  
  90  9:13  Stalker x4  
  90  9:14  Stalker  
  105  9:25  Pylon  
  105  9:39  Pylon  
  105  9:40  Pylon  
  105  9:42  Pylon  
  105  9:59  Stalker  
  107  10:00  Stalker x6  
  107  10:01  Stalker  
  121  10:32  Stalker x2  
  121  10:33  Stalker x4  
  108  11:07  Stalker  
  108  11:08  Stalker x3  
  108  11:09  Stalker x3  
  108  11:10  Stalker  
  98  12:08  Stalker x6  
  98  12:09  Stalker x4  
Show
View Real Time Build Order
Export as new Build Order

Must Zerg 

Build Orders: Pool First 

Get SALT Encoding   

  12  0:01  Drone  
  13  0:12  Overlord  
  13  0:18  Drone  
  14  0:31  Drone  
  14  0:32  Drone  
  14  0:34  Drone  
  17  0:49  Drone  
  18  0:50  Spawning Pool  
  17  1:01  Drone  
  18  1:33  Overlord  
  18  1:36  Queen  
  18  1:37  Zergling x2  
  18  1:39  Zergling x2  
  22  1:42  Hatchery  
  21  1:48  Zergling x2  
  22  2:04  Zergling x2  
  23  2:33  Queen  
  25  2:37  Roach Warren  
  25  2:39  Extractor, Drone x3  
  26  2:53  Queen  
  26  2:58  Zergling x2  
  29  3:09  Queen  
  29  3:12  Drone x3  
  34  3:16  Zergling x4  
  36  3:40  Queen  
  36  3:43  Zergling x2  
  36  3:49  Overlord  
  36  3:54  Zergling x2  
  35  4:00  Drone  
  36  4:12  Lair  
  36  4:14  Hatchery  
  35  4:23  Queen  
  33  4:29  Drone x3  
  36  4:31  Overlord  
  36  4:37  Overlord  
  36  4:48  Overlord  
  36  4:55  Drone x5  
  36  4:56  Drone  
  42  5:13  Spine Crawler  
  41  5:14  Spine Crawler  
  41  5:15  Spine Crawler  
  41  5:17  Spine Crawler  
  38  5:22  Roach x2  
  42  5:53  Roach x2  
  42  5:54  Roach x4  
  54  6:08  Roach x3  
  60  6:12  Extractor  
  60  6:16  Zergling x2  
  60  6:17  Overlord x2  
  60  6:22  Overlord  
  60  6:34  Spine Crawler  
  59  6:40  Ravager  
  59  6:41  Ravager  
  61  6:50  Overlord  
  61  7:06  Drone x11  
  61  7:07  Ravager  
  73  7:22  Drone x6  
  79  7:26  Extractor  
  79  7:27  Extractor  
  77  7:34  Ravager  
  77  7:35  Drone x3  
  77  7:36  Drone x2  
  83  7:44  Pneumatized Carapace  
  83  7:45  Overlord x2  
  84  7:58  Ravager  
  84  8:14  Ravager  
  84  8:15  Ravager  
  85  8:36  Ravager x3  
  85  8:39  Zergling x22  
  85  8:40  Overlord x4  
  99  8:55  Overlord x3  
  99  9:03  Roach  
  99  9:04  Roach x6  
  113  9:21  Roach x4  
  121  9:29  Drone  
  120  9:55  Zergling x2  
  120  9:58  Overlord  
  120  9:59  Overlord x2  
  121  10:09  Glial Reconstitution  
  121  10:19  Ravager x5  
  126  10:22  Zergling x16  
  108  10:51  Zergling x8  
  108  11:00  Zergling x8  
  108  11:01  Zergling x6  
  115  11:04  Metabolic Boost  
  115  11:13  Overlord x2  
  115  11:32  Overseer x2  
  115  11:34  Roach x8  
  115  11:35  Roach x2  
  122  11:44  Zergling x4  
  100  11:59  Zergling x16  
  68  12:09  Zergling x2  
  68  12:10  Zergling x2  
  67  12:18  Roach  
  67  12:20  Overlord  
Tags
 
Add a new tag
Caveats
  • Supply blocks, unpowered buildings, or Contaminate may cause inaccurate times.
  • Supply counts are checked every 10 seconds.